 Dungeon Crawl Stone Soup version 0.18-a0-19-g8b99b3a (webtiles) character file.

1346 4thArraOfDagon the Martial Artist (level 8, 1/47 HPs)
             Began as a Tengu Assassin on Nov 1, 2015.
             Quit the game on level 10 of the Dungeon.
             The game lasted 00:19:50 (2990 turns).

4thArraOfDagon the Martial Artist (Tengu Assassin)  Turns: 2990, Time: 00:19:50

Health: 1/47       AC: 11    Str: 12    XL:     8   Next: 62%
Magic:  10/10      EV: 12    Int: 14    God:
Gold:   194        SH:  0    Dex: 15    Spells: 0 memorised, 7 levels left

rFire  + . .     SeeInvis .       - Unarmed
rCold  + . .     Clarity  .     q - +4 ring mail {rF+}
rNeg   . . .     SustAt   .     (no shield)
rPois  .         Gourm    .     (helmet restricted)
rElec  .         Spirit   .     d - +0 cloak
rCorr  .         Warding  .     n - +0 pair of gloves
rMut   +         Rnd*Tele +     (boots unavailable)
MR     .....                    r - amulet of resist mutation
Stlth  ++........               s - ring of teleportation
                                t - ring of protection from cold

@: lethally poisoned (1 -> -16), not resistant to hostile enchantments,
unstealthy
A: beak, talons 3, able to fly 1
a: Fly, Evoke Teleportation


You were on level 10 of the Dungeon.
You were not hungry.

You visited 1 branch of the dungeon, and saw 10 of its levels.

You collected 194 gold pieces.

Inventory:

Hand Weapons
 a - a +2 dagger
 b - a +0 blowgun
Missiles
 c - 2 throwing nets (quivered)
 e - 27 poisoned needles
 f - 2 curare-tipped needles
 m - 6 needles of slowing
Armour
 d - a +0 cloak (worn)
 n - a +0 pair of gloves (worn)
 q - a +4 ring mail of fire resistance (worn)
Jewellery
 r - an amulet of resist mutation (around neck)
 s - a ring of teleportation (right hand)
 t - a ring of protection from cold (left hand)
 B - an uncursed ring of ice
Wands
 y - a wand of lightning (6)
Scrolls
 l - a scroll of noise
 v - a scroll of magic mapping
Potions
 j - a potion of agility
 k - a potion of might {unknown}
 o - a potion of lignification
 u - a potion of invisibility
 w - a potion of flight
 x - a potion of poison
 z - a potion of curing
Books
 A - a book of Frost

   Spells                             Type                      Level
   a - Freeze                         Ice                          1
   b - Throw Frost                    Conjuration/Ice              2
   c - Ozocubu's Armour               Charms/Ice                   3
   d - Throw Icicle                   Conjuration/Ice              4
   e - Summon Ice Beast               Ice/Summoning                4
   f - Condensation Shield            Ice                          4
Miscellaneous
 p - a plain deck of wonders {drawn: 2}
Comestibles
 g - 9 bread rations
 h - 11 fruits
 i - 6 meat rations
 C - 6 chunks of flesh


   Skills:
 + Level 3.6 Fighting
 - Level 2.1 Short Blades
 - Level 2.0 Throwing
 + Level 4.0 Dodging
 - Level 4.0 Stealth
 * Level 9.2 Unarmed Combat
 + Level 2.6 Evocations


You had 7 spell levels left.
You didn't know any spells.

Dungeon Overview and Level Annotations

Branches:
Dungeon (10/15)              Lair (0/8) D:9             Orc (0/4) D:9
 Temple: D:4-7

Altars:
Dithmenos
Elyvilon
Fedhas
Okawaru
Ru
Vehumet

Shops:
D:5 [   D:7 [

Annotations:
D:4 Dowan; Duvessa; hexophile's ghost, amateur CeFi
D:7 Joseph; Prince Ribbit


Innate Abilities, Weirdness & Mutations

You have a beak for a mouth.
You have claws for feet.
You can fly.


Message History

You are poisoned.
The killer bee poisons you! The killer bee closely misses you.
Unknown command.
You fail to use your ability.
You feel sick. The killer bee stings you.
* * * LOW HITPOINT WARNING * * *
You are more poisoned.
The killer bee poisons you! The killer bee stings you.
* * * LOW HITPOINT WARNING * * *
You are more poisoned.
The killer bee poisons you! The killer bee closely misses you.
The killer bee closely misses you.
Unknown command.
Unknown command.
Drink which item? (? for menu, Esc to quit)
Okay, then.
Are you sure you want to abandon this character and quit the game? (Confirm with "yes".)
Okay, then.
Unknown command.
Unknown command.
Are you sure you want to abandon this character and quit the game? (Confirm with "yes".)

......#...........#
.........(........#
.######...........#
.# #...........# .#
########..### .
#####.## #.....y#
+....yy# #...!.@#
#......# #......#
#......# #......#
#......# #......#
#......#


You could see 3 killer bees.

Vanquished Creatures
  A two-headed ogre (D:10)
  A hippogriff (D:6)
  A centaur (D:7)
  The ghost of Raultor the Shield-Bearer, an amateur GrFi (D:3)
  5 giant frogs
  A scorpion (D:6)
  A crimson imp (D:5)
  2 giant frog skeletons
  A hound (D:7)
  4 worker ants
  A giant frog zombie (D:9)
  A gnoll shaman (D:6)
  An orc priest (D:5)
  An iguana (D:4)
  An orc wizard (D:5)
  4 gnolls (D:6)
  3 adders
  2 oozes
  2 adder skeletons
  A worm (D:3)
  2 giant geckos
  6 orcs
  3 bats
  2 giant cockroaches
  4 hobgoblins
  2 jackals (D:1)
  2 kobolds
  2 quokkas
  3 giant newts
  A quokka zombie (D:5)
  A rat (D:3)
63 creatures vanquished.

Vanquished Creatures (others)
  An iguana (D:4)
  2 plants (D:5)
3 creatures vanquished.

Grand Total: 66 creatures vanquished

Notes
Turn   | Place    | Note
--------------------------------------------------------------
     0 | D:1      | 4thArraOfDagon the Tengu Assassin began the quest for the Orb.
     0 | D:1      | Reached XP level 1. HP: 12/12 MP: 2/2
   112 | D:2      | Reached skill level 1 in Unarmed Combat
   135 | D:3      | Found a shadowy altar of Dithmenos.
   149 | D:3      | Reached XP level 2. HP: 7/17 MP: 3/3
   403 | D:4      | Reached XP level 3. HP: 12/21 MP: 4/4
   427 | D:4      | You fall through a shaft!
   427 | D:5      | Entered Level 5 of the Dungeon
   496 | D:6      | Reached XP level 4. HP: 22/26 MP: 5/5
   508 | D:6      | Noticed a giant frog
   516 | D:6      | Killed a giant frog
   516 | D:6      | Gained mutation: You can fly. [Tengu growth]
   516 | D:6      | Reached XP level 5. HP: 27/30 MP: 6/6
   524 | D:6      | Noticed a phantom
   601 | D:5      | Reached skill level 5 in Unarmed Combat
   654 | D:5      | Found Suam's Antique Armour Shop.
   853 | D:6      | Reached skill level 6 in Unarmed Combat
   853 | D:6      | Reached XP level 6. HP: 10/35 MP: 3/7
  1045 | D:7      | Noticed Prince Ribbit
  1046 | D:7      | Noticed Joseph
  1097 | D:6      | Reached skill level 7 in Unarmed Combat
  1189 | D:5      | Reached XP level 7. HP: 22/40 MP: 5/8
  1219 | D:4      | Found a radiant altar of Vehumet.
  1420 | D:3      | Noticed Raultor's ghost (amateur GrFi)
  1443 | D:3      | Killed Raultor's ghost
  1680 | D:4      | Noticed Duvessa
  1680 | D:4      | Noticed Dowan
  1733 | D:4      | Reached skill level 8 in Unarmed Combat
  1734 | D:4      | Noticed hexophile's ghost (amateur CeFi)
  2034 | D:6      | Reached skill level 1 in Evocations
  2066 | D:6      | Noticed a hippogriff
  2112 | D:6      | Killed a hippogriff
  2112 | D:6      | Reached XP level 8. HP: 7/45 MP: 7/10
  2243 | D:7      | Found Kiumpec's Armour Shoppe.
  2531 | D:7      | Found a blossoming altar of Fedhas.
  2535 | D:7      | Found an iron altar of Okawaru.
  2538 | D:7      | Found a sacrificial altar of Ru.
  2706 | D:9      | Found a white marble altar of Elyvilon.
  2799 | D:9      | Noticed a two-headed ogre
  2820 | D:9      | Found a staircase to the Lair.
  2827 | D:9      | Noticed an elephant
  2846 | D:9      | Found a staircase to the Orcish Mines.
  2864 | D:10     | Entered Level 10 of the Dungeon
  2880 | D:10     | Noticed a two-headed ogre
  2913 | D:10     | Killed a two-headed ogre
  2913 | D:10     | Reached skill level 9 in Unarmed Combat
  2976 | D:10     | Noticed a hill giant
  2989 | D:10     | HP: 1/47 [killer bee (3)]
  2990 | D:10     | Quit the game

Vault maps used:
D:1:      eino_arrival_druids_welcome, serial_curves, eino_curves_02,
          eino_curves_03
D:3:      nicolae_dithmenos_shadow_blocks
D:4:      fiery_altar_vehumet, first_bread, uniq_duvessa
D:5:      serial_shops, nicolae_shop_crystal, serial_bayou,
          serial_bayou_shore_b, serial_bayou_pond_e, serial_bayou_lagoon_a,
          serial_bayou_lake_a
D:6:      temple_hall, corexii_item_surrounded_by_moat, corner_web_ring,
          st_stairs_8, minivault_25
D:7:      minmay_overflow_temple_star_quad, serial_shops, nicolae_shop_stone,
          uniq_prince_ribbit1, uniq_joseph
D:8:      overflow_temple_1_default, uniq_pikel
D:9:      elyvilon_altar_5, david_lair_generic, orc_0_dummy, uniq_psyche

Action                   |  1- 3 |  4- 6 |  7- 9 || total
-------------------------+-------+-------+-------++-------
Melee: Dagger            |    45 |    53 |       ||    98
       Unarmed           |       |    18 |   148 ||   166
 Fire: Blowgun           |     8 |    16 |    23 ||    47
Throw: Throwing net      |       |       |     2 ||     2
 Abil: Fly               |       |     6 |    16 ||    22
       Evoke Teleportati |       |       |    16 ||    16
Evoke: Deck              |       |       |     2 ||     2
  Use: Scroll            |       |     8 |    16 ||    24
       Potion            |       |       |     1 ||     1
 Stab: Sleeping          |     3 |     2 |     4 ||     9
       Distracted        |     1 |       |       ||     1
  Eat: Chunk             |       |     1 |    10 ||    11
       Fruit             |       |       |     5 ||     5
